cohdb
Replays
Latest Replays
All Replays
Popular Replays
Top Player Replays
Match Explorer
How It Works
Community
CoH3 Stats
Reddit
Sign in to upload your games and track your stats! →
Sign in with Steam
Match 45710700
Unlisted
Match 45710700
Overview
Messages
Build Orders
End
Selects Italian Combined Arms Battlegroup
Selects Bersaglieri Squad
Bersaglieri Squad
Panzerpioneer Squad
Bersaglieri Squad
250 Light Carrier
Selects Bersaglieri Bolster
Construct Light Support Kompanie
2.5-tonne Medical Truck
MG34 Team
Selects Breda Model 30 Light Machine Guns
Fire Support Elements
Pak 38 Mechanized Group
Construct Panzerarmee Kommand
Panzerpioneer Squad
Veteran Squad Leaders
Panzer III L Medium Tank
Vehicle Survival Package
Bersaglieri Squad
Selects Semovente da 75/18 Assault Gun
Selects Strafing Run
Selects Artillery Cover
Emergency Repair Kits
Panzer III L Medium Tank
Tungsten Core Ammunition
Panzer III L Medium Tank
Flak 36 Anti-tank Gun Team
Armored Reserves
Rapid Advance
Panzer III L Medium Tank
Artillery Cover
Advanced Optics
LwD-ClevelanD
RainbowCat
八坂真崎
绝地哈马斯
PayPerPaper
(●'◡'●)
BigDrexel
18918848
0
0
Comments
sign in to comment!
No comments posted yet!